 Dungeon Crawl Stone Soup version 0.18-a0-312-g61bb5a5 (webtiles) character file.

101951 R18 the Sharpshooter (level 15, 0/189 HPs)
             Began as a Centaur Fire Elementalist on Nov 27, 2015.
             Was the Champion of Ru.
             Slain by a demonic crawler (5 damage)
             ... on level 3 of the Spider Nest.
             The game lasted 02:56:31 (37877 turns).

R18 the Sharpshooter (Centaur Fire Elementalist)   Turns: 37877, Time: 02:56:31

Health: 0/189      AC: 24    Str: 10    XL:     15   Next: 84%
Magic:  3/38       EV:  1    Int: 28    God:    Ru [******]
Gold:   341        SH:  0    Dex: 14    Spells: 8 memorised, 12 levels left

rFire  . . .     SeeInvis .     b - +2 triple crossbow (flame)
rCold  + . .     Clarity  .     (armour currently unavailable)
rNeg   + + +     SustAt   .     (shield currently unavailable)
rPois  +         Gourm    .     (helmet currently unavailable)
rElec  +         Spirit   .     (cloak currently unavailable)
rCorr  .         Warding  .     (gloves currently unavailable)
rMut   .         NoTele   +     (no barding)
MR     +++..                    E - amulet of rage
Stlth  ..........               e - ring "Onefeomi" {+Inv rC+ MP+9 Int+4 Stlth+}
                                k - ring of Eczos {rElec rPois MR+ Int+5 Dex+4}

@: tree-form, drained, extremely resistant to hostile enchantments, extremely
unstealthy
A: (antennae 0), (hooves 0), (icy blue scales 0), clever 1, clumsy 1, (deformed
body), (speed 0), magic resistance 1, (tough skin 0), weak 1, subdued magic 1,
no stealth, hated by all, inability to train dodging, no charms magic, no earth
magic, no transmutations magic, vulnerability to harm 1, slow reflexes 1
a: Draw Out Power, Power Leap, Apocalypse, Renounce Religion, Evoke Berserk
Rage, Evoke Invisibility


You were on level 3 of the Spider Nest.
You worshipped Ru.
Ru was exalted by your worship.
You were not hungry.
You were a tree.
You visited 5 branches of the dungeon, and saw 27 of its levels.
You also visited: Ice Cave.

You collected 2948 gold pieces.
You spent 2607 gold pieces at shops.

Inventory:

Hand Weapons
 a - a +2 demon trident of draining
 b - a +2 triple crossbow of flaming (weapon)
Missiles
 x - 49 bolts of flame (quivered)
 Q - 7 poisoned bolts
 T - 3 bolts of penetration
 W - a bolt
Armour
 y - a +1 cloak (melded)
 z - a cursed +0 chain mail
 K - a +1 centaur barding of stealth (melded)
 L - a +0 pair of gloves (melded)
 N - a +1 troll leather armour (melded)
Rods
 G - a +0 rod of clouds (11/11)
   (You found it on level 10 of the Dungeon)
Jewellery
 e - the ring "Onefeomi" (right branch) {+Inv rC+ MP+9 Int+4 Stlth+}
   (You bought it in a shop on level 6 of the Dungeon)

   [ring of protection from cold]

   It affects your intelligence (+4).
   It protects you from cold.
   It affects your magic capacity (+9).
   It lets you turn invisible.
   It makes you more stealthy.
 k - the ring of Eczos (left branch) {rElec rPois MR+ Int+5 Dex+4}
   (You bought it in a shop on level 6 of the Dungeon)

   [ring of intelligence]

   It affects your intelligence (+5).
   It affects your dexterity (+4).
   It insulates you from electricity.
   It protects you from poison.
   It affects your resistance to hostile enchantments.
 n - an uncursed ring of magical power {unknown}
 s - an uncursed ring of magical power {unknown}
 w - an uncursed ring of protection from magic
 E - an amulet of rage (around neck)
Wands
 h - a wand of lightning (0)
 p - a wand of teleportation (2)
 t - a wand of random effects (17)
 C - a wand of polymorph (14)
 J - a wand of draining (2)
 P - a wand of invisibility (3)
Scrolls
 d - 4 scrolls of fog
 j - 5 scrolls of remove curse
 l - 3 scrolls of amnesia
 o - 3 scrolls of teleportation
 u - 2 scrolls of enchant armour
 v - a scroll of identify
 D - a scroll of brand weapon
Potions
 f - 4 potions of resistance
 i - a potion of brilliance
 m - a potion of curing
 r - 2 potions of flight
 A - a potion of cancellation
 B - a potion of lignification
Comestibles
 c - 6 bread rations


   Skills:
 - Level 10.0(9.6) Fighting
 - Level 5.7(5.4) Polearms
 * Level 17.0(16.5) Crossbows
 + Level 7.7(7.3) Armour
 - Level 10.2(9.8) Spellcasting
 - Level 10.6(10.2) Conjurations
 - Level 6.6(6.2) Fire Magic


You had 12 spell levels left.
You knew the following spells:

 Your Spells              Type           Power        Failure   Level  Hunger
a - Flame Tongue          Conj/Fire      #####        1%          1    None
b - Throw Flame           Conj/Fire      #####.       1%          2    None
c - Conjure Flame         Conj/Fire      #####...     1%          3    None
d - Sticky Flame          Conj/Fire      #####...     1%          4    None
e - Inner Flame           Hex/Fire       ###.....     1%          3    None
f - Gell's Gravitas       Hex/Tloc       #.........   7%          3    None
g - Fireball              Conj/Fire      #####.....   1%          5    ####...
h - Apportation           Tloc           #.........   2%          1    None


Dungeon Overview and Level Annotations

Branches:
Dungeon (11/15)            Temple (1/1) D:7            Lair (8/8) D:11
 Shoals (0/4) Lair:3       Spider (3/4) Lair:3        Slime (0/6) Lair:8
    Orc (4/4) D:11            Elf (0/3) Orc:4

Altars:
Ashenzari
Cheibriados
Dithmenos
Elyvilon
Fedhas
Gozag
Kikubaaqudgha
Makhleb
Nemelex Xobeh
Okawaru
Qazlal
Ru
Sif Muna
Trog
Vehumet
Xom
Yredelemnul
Zin
The Shining One
Beogh

Shops:
D:6 =   Orc:4 %:?[

Portals:
Hell: Lair:8

Annotations:
Orc:3 1 exclusion


Innate Abilities, Weirdness & Mutations

((You have hooves in place of feet.))
You are clumsy. (Dex -2)
((Armour fits poorly on your strangely shaped body.))
((You cover ground very quickly.))
((You have extremely tough skin (AC +3).))
You are weak. (Str -2)
You cannot be stealthy.
You are hated by all.
You cannot train Dodging skill.
You cannot study or cast Charms magic.
You cannot study or cast Earth magic.
You cannot study or cast Transmutations magic.
You take slightly more damage. (-3 AC)
You have somewhat slow reflexes. (-3 EV)
((You have a pair of small antennae on your head.))
((You are partially covered in icy blue scales (AC +1).))
Your mind is acute. (Int +2)
You are resistant to hostile enchantments.
Your spells are a little easier to cast, but a little less powerful.


Message History

The tarantella bites you.
* * * LOW HITPOINT WARNING * * *
The tarantella bites you.
* * * LOW HITPOINT WARNING * * *
You are more confused.
Drink which item? (? for menu, Esc to quit)
Okay, then.
Unknown command.
Evoke which item? (* to show all) (? for menu, Esc to quit)
Okay, then.
Drink which item? (? for menu, Esc to quit)
Okay, then.
You're too confused!
Drink which item? (? for menu, Esc to quit)
You feel better. The tarantella bites you!
* * * LOW HITPOINT WARNING * * *
You focus your will and slow the tarantella in retribution!
The demonic crawler hits you but does no damage. x2
The demonic crawler hits you.
You die...

. . #.$ .#. ..
#.# # #. #?.
..#
#..#.###.)#
#.s♣s..#
......#...#..#
.###. ..### ..
..#. .. ... .
## #### ##


You could see a demonic crawler and a tarantella (berserk).

Vanquished Creatures
  A frost giant (IceCv)
  The ghost of P0WERM0DE the Fighter, a journeyman DsWn of Okawaru (D:11)
  15 hydras
  2 catoblepae
  13 death yaks
  3 orc high priests (Orc:4)
  Urug (Lair:3)
  2 hill giants (D:11)
  4 orc knights (Orc:4)
  4 orb spiders (Spider:1)
  5 griffons
  2 manticores
  2 wolf spiders (Spider:1)
  6 orc sorcerers
  25 elephants
  A wizard (Lair:8)
  Maurice (Orc:4)
  Joseph (D:7)
  A siren (Lair:3)
  An ice statue (IceCv)
  8 black mambas
  3 torpor snails
  2 orange demons (Lair:8)
  22 spiny frogs
  4 demonic crawlers
  16 fire drakes
  A hellwing (Lair:8)
  14 komodo dragons
  3 ice devils (Lair:8)
  3 jumping spiders (Spider:1)
  17 polar bears
  A queen bee (D:11)
  A troll (D:10)
  Prince Ribbit (Lair:1)
  4 red devils (Lair:8)
  18 blink frogs
  2 boulder beetles
  A trapdoor spider (Spider:1)
  6 wyverns
  A deep elf mage (D:10)
  2 tarantellas
  53 yaks
  10 basilisks
  A deep elf fighter (Orc:4)
  2 vampire mosquitoes (D:10)
  A steam dragon (Lair:4)
  12 hippogriffs
  17 wolves
  A warg (Orc:2)
  A mottled dragon (Lair:4)
  2 hell hounds
  3 ice beasts
  A swamp drake (Lair:4)
  8 porcupines
  21 water moccasins
  20 orc warriors
  2 phantoms
  3 black bears
  2 sky beasts
  2 wasps
  10 crocodiles
  5 centaurs
  8 ogres
  A big kobold (D:9)
  20 giant frogs
  A water moccasin zombie (D:10)
  Dowan (D:6)
  A wyvern skeleton (D:11)
  3 gnoll sergeants
  25 killer bees (D:11)
  6 scorpions
  6 wights
  5 electric eels
  6 crimson imps
  A centaur zombie (D:10)
  A gnoll shaman (D:9)
  4 hounds
  4 jellies
  24 orc wizards
  A centaur skeleton (D:9)
  2 giant frog skeletons
  17 orc priests
  5 iguanas
  11 worker ants
  26 sheep
  A hound zombie (D:7)
  A hound skeleton (D:4)
  A worker ant zombie (D:11)
  23 gnolls
  8 adders
  47 river rats
  4 shadow imps
  4 oozes
  An adder skeleton (D:5)
  An adder zombie (D:9)
  6 worms
  8 giant geckos
  128 orcs
  10 bats
  4 giant cockroaches
  6 hobgoblins
  2 jackals (D:9)
  2 quokkas
  A ball python (D:2)
  A ball python skeleton (D:4)
  3 giant newts (D:2)
  11 goblins
  12 kobolds
  A quokka zombie (D:9)
  10 rats
  3 fungi
  A plant (Lair:3)
877 creatures vanquished.

Vanquished Creatures (others)
  A torpor snail (Lair:8)
  A komodo dragon (Lair:7)
  2 jumping spiders (Spider:1)
  A yak (Lair:2)
  A hippogriff (Lair:1)
  Duvessa (D:6)
  An orc priest (D:8)
  A river rat (Lair:7)
  An orc (Orc:2)
  64 fungi
  32 plants
106 creatures vanquished.

Grand Total: 983 creatures vanquished

Notes
Turn   | Place    | Note
--------------------------------------------------------------
     0 | D:1      | R18 the Centaur Fire Elementalist began the quest for the Orb.
     0 | D:1      | Reached XP level 1. HP: 14/14 MP: 3/3
    97 | D:1      | Reached skill level 1 in Conjurations
   312 | D:1      | Reached XP level 2. HP: 10/20 MP: 1/4
   316 | D:1      | Learned a level 2 spell: Throw Flame
  1025 | D:1      | Reached XP level 3. HP: 20/26 MP: 0/5
  1394 | D:2      | Found a sparkling altar of Nemelex Xobeh.
  1588 | D:2      | Reached skill level 3 in Conjurations
  1760 | D:2      | Reached XP level 4. HP: 33/33 MP: 7/7
  2033 | D:2      | Found a sacrificial altar of Ru.
  2046 | D:2      | Became a worshipper of Ru the Awakened
  2218 | D:3      | Found an opulent altar of Gozag.
  2218 | D:3      | Found a bloodstained altar of Trog.
  2221 | D:3      | Found a radiant altar of Vehumet.
  2506 | D:3      | Learned a level 3 spell: Conjure Flame
  2745 | D:3      | Found a faded altar to an unknown god.
  3085 | D:4      | Found a deep blue altar of Sif Muna.
  3198 | D:4      | Reached XP level 5. HP: 19/38 MP: 0/8
  3299 | D:4      | Reached skill level 1 in Crossbows
  3342 | D:4      | Noticed an ogre
  3358 | D:4      | Reached skill level 4 in Conjurations
  3373 | D:4      | Killed an ogre
  3373 | D:4      | Reached XP level 6. HP: 36/45 MP: 2/10
  3392 | D:4      | Gained mutation: You cannot train Dodging skill. [Ru sacrifice]
  3392 | D:4      | Reached * piety under Ru
  3464 | D:4      | Found an opulent altar of Gozag.
  3669 | D:5      | Entered Level 5 of the Dungeon
  4632 | D:6      | Found Woleicapp's Jewellery Boutique.
  4733 | D:6      | Noticed Duvessa
  4734 | D:6      | Noticed Dowan
  4744 | D:6      | Killed Duvessa
  4744 | D:6      | Reached skill level 5 in Crossbows
  4744 | D:6      | Reached XP level 7. HP: 50/50 MP: 2/11
  4745 | D:6      | Killed Dowan
  4868 | D:6      | Reached skill level 6 in Crossbows
  5286 | D:6      | Reached skill level 7 in Crossbows
  5527 | D:6      | Reached XP level 8. HP: 39/57 MP: 5/12
  5812 | D:7      | Reached skill level 8 in Crossbows
  5975 | D:7      | Found a staircase to the Ecumenical Temple.
  6099 | D:7      | Noticed Joseph
  6103 | Temple   | Entered the Ecumenical Temple
  6109 | Temple   | Learned a level 4 spell: Sticky Flame
  6110 | Temple   | Gained mutation: You take slightly more damage. (-3 AC) [Ru sacrifice]
  6110 | Temple   | Reached ** piety under Ru
  6162 | D:7      | Killed Joseph
  6162 | D:7      | Reached skill level 5 in Conjurations
  6466 | D:7      | Reached XP level 9. HP: 39/62 MP: 3/14
  7140 | D:8      | Reached skill level 9 in Crossbows
  7642 | D:8      | Found a blossoming altar of Fedhas.
  8380 | D:8      | Noticed an iron golem
  8380 | D:8      | Noticed an iron golem
  8380 | D:8      | Noticed an iron golem
  8380 | D:8      | Noticed an iron golem
  8754 | D:9      | Reached skill level 5 in Spellcasting
  8806 | D:9      | Identified a scroll of acquirement
  9045 | D:9      | Found a shadowy altar of Dithmenos.
  9365 | D:9      | Reached XP level 10. HP: 54/69 MP: 3/18
  9366 | D:9      | Gained mutation: You are hated by all. [Ru sacrifice]
  9366 | D:9      | Reached *** piety under Ru
  9395 | D:9      | Found a stormy altar of Qazlal.
 10267 | D:10     | Entered Level 10 of the Dungeon
 11734 | D:11     | Found a staircase to the Lair.
 11736 | D:11     | Found a staircase to the Orcish Mines.
 11794 | D:11     | Noticed P0WERM0DE's ghost (journeyman DsWn)
 12051 | D:11     | Killed P0WERM0DE's ghost
 12236 | D:11     | Reached skill level 5 in Fire Magic
 12378 | D:11     | Reached XP level 11. HP: 56/74 MP: 13/22
 12401 | D:11     | Gained mutation: You cannot study or cast Earth magic. [Ru sacrifice]
 12401 | D:11     | Gained mutation: You cannot study or cast Transmutations magic. [Ru sacrifice]
 12401 | D:11     | Gained mutation: You cannot study or cast Charms magic. [Ru sacrifice]
 12401 | D:11     | Reached **** piety under Ru
 12577 | D:11     | Noticed a hill giant
 12604 | D:11     | Killed a hill giant
 12876 | D:11     | Noticed a hill giant
 12886 | D:11     | Killed a hill giant
 13092 | Lair:1   | Entered Level 1 of the Lair of Beasts
 13144 | Lair:1   | Learned a level 3 spell: Inner Flame
 13431 | Lair:1   | Got a polished falchion
 13432 | Lair:1   | Identified the +7 falchion of the Hidden Hells {freeze, +Blink rF- rC- Dex+4} (You found it on level 1 of the Lair of Beasts)
 13460 | Lair:1   | Noticed a four-headed hydra
 13497 | Lair:1   | Killed a four-headed hydra
 13900 | Lair:1   | Noticed Prince Ribbit
 13908 | Lair:1   | Killed Prince Ribbit
 14318 | Lair:2   | Identified a +0 rod of clouds (11/11) (You found it on level 10 of the Dungeon)
 14638 | Lair:2   | Reached skill level 10 in Spellcasting
 14831 | Lair:2   | Gained mutation: You are clumsy. (Dex -2) [Ru sacrifice]
 14831 | Lair:2   | Reached ***** piety under Ru
 15158 | Lair:2   | Reached XP level 12. HP: 47/81 MP: 21/26
 15525 | Lair:3   | Noticed Urug
 15530 | Lair:3   | Killed Urug
 15558 | Lair:3   | Reached skill level 10 in Conjurations
 15879 | Lair:3   | Found a hole to the Spider Nest.
 16302 | Lair:3   | Found a staircase to the Shoals.
 16755 | Lair:4   | Reached skill level 1 in Fighting
 16940 | Lair:4   | Reached skill level 10 in Crossbows
 17743 | Lair:4   | Noticed a five-headed hydra
 17761 | Lair:4   | Killed a five-headed hydra
 17958 | Lair:4   | Reached skill level 11 in Crossbows
 18209 | Lair:4   | Gained mutation: You are resistant to hostile enchantments. [potion of beneficial mutation]
 18720 | Lair:5   | Gained mutation: You have somewhat slow reflexes. (-3 EV) [Ru sacrifice]
 18750 | Lair:5   | Reached skill level 5 in Fighting
 18763 | Lair:5   | Reached XP level 13. HP: 57/100 MP: 3/27
 18978 | Lair:5   | Reached skill level 12 in Crossbows
 19418 | D:6      | Bought the ring of Eczos {rElec rPois MR+ Int+5 Dex+4} for 807 gold pieces
 20808 | Lair:6   | Reached skill level 13 in Crossbows
 20969 | Lair:6   | Reached skill level 1 in Armour
 21778 | Lair:6   | Gained mutation: You cannot be stealthy. [Ru sacrifice]
 22295 | Lair:6   | Reached skill level 14 in Crossbows
 23579 | Lair:7   | Reached XP level 14. HP: 96/115 MP: 14/28
 24511 | Lair:7   | Gained mutation: You are weak. (Str -2) [Ru sacrifice]
 24511 | Lair:7   | Reached ****** piety under Ru
 24848 | Lair:7   | Reached skill level 15 in Crossbows
 26498 | Lair:8   | Entered Level 8 of the Lair of Beasts
 26962 | Lair:8   | Found a staircase to the Slime Pits.
 27991 | Lair:8   | Reached skill level 5 in Armour
 28216 | Lair:8   | Reached skill level 16 in Crossbows
 29005 | Lair:8   | Reached skill level 10 in Fighting
 29042 | Lair:8   | Reached XP level 15. HP: 96/126 MP: 10/29
 29150 | Lair:8   | Found a burning altar of Makhleb.
 29581 | Lair:8   | Found a gateway to Hell.
 29589 | Lair:8   | Identified Ruah's Disquisition on Dislocation
 29595 | Lair:8   | Learned a level 3 spell: Gell's Gravitas
 31802 | Lair:2   | Gained mutation: Your spells are a little easier to cast, but a little less powerful. [potion of mutation]
 31802 | Lair:2   | Gained mutation: You have a pair of small antennae on your head. [potion of mutation]
 31802 | Lair:2   | Gained mutation: You are partially covered in icy blue scales (AC +1). [potion of mutation]
 31843 | Orc:1    | Entered Level 1 of the Orcish Mines
 31988 | D:6      | Bought the ring "Onefeomi" {+Inv rC+ MP+9 Int+4 Stlth+} for 552 gold pieces
 32815 | Orc:3    | Found a dark tunnel.
 32832 | Orc:3    | Reached skill level 1 in Polearms
 32855 | Orc:3    | Found a frozen archway.
 32865 | IceCv    | Entered an ice cave
 34200 | IceCv    | Gained mutation: Your mind is acute. (Int +2) [potion of beneficial mutation]
 34453 | Orc:3    | Found a roughly hewn altar of Beogh.
 35445 | Orc:4    | Entered Level 4 of the Orcish Mines
 35588 | Orc:4    | Noticed Maurice
 35608 | Orc:4    | Killed Maurice
 35835 | Orc:4    | Found a staircase to the Elven Halls.
 36001 | Orc:4    | Reached skill level 5 in Polearms
 36372 | Orc:4    | Found Xiclexka's Armour Emporium.
 36372 | Orc:4    | Found Batezu Pey's Magic Scroll Emporium.
 36570 | Orc:4    | Found Plog's Food Shop.
 36575 | Orc:4    | Found Futs's Book Shop.
 36610 | Orc:4    | Bought a scroll of acquirement for 624 gold pieces
 36610 | Orc:4    | Bought a scroll of acquirement for 624 gold pieces
 36888 | Lair:2   | Learned a level 5 spell: Fireball
 36890 | Lair:2   | Learned a level 1 spell: Apportation
 36948 | Spider:1 | Entered Level 1 of the Spider Nest
 37540 | Spider:1 | Reached skill level 17 in Crossbows
 37867 | Spider:2 | HP: 1/126 [wolf spider (13)]
 37876 | Spider:3 | HP: 8/189 [tarantella (3)]
 37877 | Spider:3 | Slain by a demonic crawler

Vault maps used:
D:1:      wheals_arrival_linesprint
D:2:      lemuel_round_altar, nicolae_ru_the_path_less_chosen
D:3:      grunt_temple_overflow_open, ecumenical_altar_2
D:4:      lemuel_crystal_altar, first_bread, grunt_gozag_breadcrumbs
D:6:      serial_shops, kennysheep_little_box, serial_glass, glass_columns_a,
          glass_columns_c, hangedman_abyss_or_decor_stagger, uniq_duvessa
D:7:      uniq_joseph
D:8:      cheibrodos_stairvault_heist, lemuel_crystal_altar
D:9:      basic_altar, nicolae_dithmenos_the_darkroom
D:11:     lair_0_dummy, orc_0_dummy
Temple:   minmay_freezing_vapour_temple_12
Lair:1:   dpeg_stationary_puzzle, grunt_megastairs_2, uniq_prince_ribbit2
Lair:3:   minmay_shoals_entry_lonely_mermaid, nicolae_spider_entry_non_spiders,
          serial_bayou_shore_a, infiniplex_staircase_pool, uniq_urug
Lair:4:   guppyfry_lair_drakes, lemuel_fruit_tree
Lair:5:   beast_lair_carwin_1, grunt_megastairs_4
Lair:6:   special_room, nicolae_lair_yak_garden
Lair:7:   grunt_megastairs_1
Lair:8:   evil_forest, nicolae_slime_entry_slimehenge, serial_bayou_lake_a
Spider:1: special_room
Orc:2:    nicolae_orc_lava_room
Orc:3:    nicolae_orc_accident_3, enter_volcano_2,
          portal_ice_cave_entry_pillars_01, nicolae_orc_pool_cavern,
          nicolae_orc_lost_temple
Orc:4:    st_orc_elflike, uniq_maurice
IceCv:    ice_cave_small_giant

Action                   |  1- 3 |  4- 6 |  7- 9 | 10-12 | 13-15 || total
-------------------------+-------+-------+-------+-------+-------++-------
Melee: Unarmed           |    10 |       |       |       |       ||    10
       Dagger            |    29 |    90 |    75 |       |       ||   194
       Long sword        |       |       |    43 |   175 |   203 ||   421
       Demon trident     |       |       |       |       |   476 ||   476
 Fire: Arbalest          |       |    15 |    55 |   240 |   305 ||   615
       Triple crossbow   |       |       |       |       |    45 ||    45
 Cast: Flame Tongue      |    55 |    67 |   132 |   146 |    91 ||   491
       Conjure Flame     |       |     3 |     4 |    29 |    54 ||    90
       Throw Flame       |       |     1 |    15 |    28 |   224 ||   268
       Sticky Flame      |       |       |    21 |   103 |   261 ||   385
       Inner Flame       |       |       |       |     5 |    23 ||    28
Invok: Sacrifice Nimblen |       |     1 |       |       |       ||     1
       Sacrifice Health  |       |       |     1 |     1 |       ||     2
       Sacrifice Love    |       |       |       |     1 |       ||     1
       Power Leap        |       |       |       |     5 |     5 ||    10
       Sacrifice Purity  |       |       |       |     1 |     1 ||     2
       Sacrifice Arcana  |       |       |       |     1 |       ||     1
       Sacrifice Stealth |       |       |       |       |     1 ||     1
       Draw Out Power    |       |       |       |       |     3 ||     3
Evoke: Wand              |       |       |       |    14 |    11 ||    25
       Rod               |       |       |       |     1 |       ||     1
  Use: Scroll            |       |    10 |     9 |     8 |    13 ||    40
       Potion            |       |       |       |     3 |    17 ||    20
 Stab: Sleeping          |       |     1 |       |     5 |       ||     6
       Invisible         |       |       |       |       |     4 ||     4
       Petrifying        |       |       |       |       |     1 ||     1
       Paralysed         |       |       |       |       |    16 ||    16
       Distracted        |       |       |       |       |     3 ||     3
  Eat: Chunk             |     2 |     9 |    11 |    18 |    28 ||    68
       Meat ration       |       |       |     1 |     1 |       ||     2
       Bread ration      |       |       |     1 |     1 |     4 ||     6
       Pizza             |       |       |       |     1 |       ||     1
       Royal jelly       |       |       |       |     1 |     1 ||     2
       Fruit             |       |       |       |     3 |     9 ||    12
       Beef jerky        |       |       |       |       |     2 ||     2
